 Dungeon Crawl Stone Soup version 0.23-a0-489-g205b0b6 (webtiles) character file.

55769 Amnesiac the Unseen (level 14, 0/77 HPs)
             Began as a Spriggan Enchanter on Dec 2, 2018.
             Was an Initiate of Gozag.
             Slain by an orc knight
             ... wielding a +0 glaive
              (27 damage)
             ... on level 2 of the Orcish Mines.
             The game lasted 00:55:51 (20153 turns).

Amnesiac the Unseen (Spriggan Enchanter)           Turns: 20153, Time: 00:55:51

Health: 0/77       AC:  5    Str:  6    XL:     14   Next: 39%
Magic:  26/29      EV: 31    Int: 23    God:    Gozag
Gold:   5560       SH:  8    Dex: 21    Spells: 0/33 levels left

rFire    . . .     SeeInvis +   a - +0 dagger (elec)
rCold    + + .     Gourm    .   R - +0 buckler
rNeg     . . .     Faith    .   g - +0 robe {rC+}
rPois    .         Spirit   .   (helmet restricted)
rElec    .         Reflect  .   O - +2 cloak
rCorr    .         Harm     .   (gloves unavailable)
MR       +++++                  (boots unavailable)
Stlth    +++++++...             E - amulet "Orymof" {RegenMP *Corrode MR++ Str+2 Slay+2}
HPRegen  0.22/turn              y - +4 ring of dexterity
MPRegen  0.46/turn              c - ring of protection from magic

@: very quick
A: very small, unfitting armour, see invisible, clever 1, cold resistance 1,
herbivore, speed 3, slow metabolism 2
a: Potion Petition, Call Merchant, Bribe Branch, Renounce Religion


You were on level 2 of the Orcish Mines.
You worshipped Gozag.
Gozag was greatly pleased with you.
You were very full.

You visited 3 branches of the dungeon, and saw 18 of its levels.
You also visited: Sewer.

You collected 6471 gold pieces.
You spent 868 gold pieces at shops.
You paid 43 gold pieces to Gozag.

Inventory:

Hand Weapons
 a - a +0 dagger of electrocution (weapon)
 b - a +2 dagger of venom
 w - a +0 blowgun
 B - the +7 Singing Sword {slice, sonic wave}
   (You found it on level 8 of the Dungeon)

   It inflicts extra damage upon your enemies.
Missiles
 C - 17 curare-tipped needles
 D - 67 poisoned needles
 K - 9 needles of confusion
Armour
 g - a +0 robe of cold resistance (worn)
 O - a +2 cloak (worn)
 R - a +0 buckler (worn)
Magical Staves
 Q - an uncursed staff of poison {unknown}
Jewellery
 c - a ring of protection from magic (right hand)
 y - a +4 ring of dexterity (left hand)
 E - the amulet "Orymof" (around neck) {RegenMP *Corrode MR++ Str+2 Slay+2}
   (You found it on level 10 of the Dungeon)

   [amulet of magic regeneration]

   It increases your magic regeneration.
   It affects your strength (+2).
   It affects your accuracy and damage with ranged weapons and melee attacks
   (+2).
   It affects your resistance to hostile enchantments.
   It may corrode you when you take damage.
 H - an uncursed ring of poison resistance
 I - an uncursed ring of wizardry
 M - the amulet "Umoresh" {+Rage rPois rF- MR+ Int+2}
   (You found it on level 9 of the Dungeon)

   [amulet of rage]

   It affects your intelligence (+2).
   It makes you vulnerable to fire.
   It protects you from poison.
   It affects your resistance to hostile enchantments.
   It lets you go berserk.
Wands
 f - a wand of iceblast (14)
 j - a wand of flame (20)
 q - a wand of polymorph (45)
 r - a wand of digging (13)
 G - a wand of scattershot (2)
 J - a wand of clouds (6)
 P - a wand of enslavement (8)
Scrolls
 l - 9 scrolls of teleportation {!r}
 s - 9 scrolls of magic mapping {!r}
 u - a scroll of fog {!r}
 v - 3 scrolls of amnesia {!r}
 x - a scroll of enchant armour {!r}
 z - 7 scrolls of remove curse {!r}
 A - 4 scrolls of blinking {!r}
 F - a scroll of enchant weapon {!r}
 S - 2 scrolls of identify {!r}
Potions
 d - 11 potions of heal wounds {!q}
 e - 4 potions of curing {!q}
 h - 5 potions of lignification {!q}
 i - 3 potions of mutation {!q}
 k - 2 potions of cancellation {!q}
 m - 7 potions of brilliance {!q}
 n - 6 potions of flight {!q}
 o - 3 potions of might {!q}
 t - 6 potions of agility {!q}
 L - a potion of ambrosia {!q}
 T - a potion of resistance {!q}
Miscellaneous
 N - a sack of spiders
Comestibles
 p - 19 rations


   Skills:
 - Level 10.0 Fighting
 - Level 10.0 Short Blades
 - Level 13.0 Dodging
 - Level 18.3 Stealth
 + Level 5.0 Shields
 - Level 10.0 Spellcasting
 - Level 10.0 Hexes
 - Level 8.0 Evocations


You couldn't memorise any spells.
You knew the following spells:

 Your Spells              Type           Power        Failure   Level  Hunger
a - Ensorcelled Hibernat  Hex/Ice        ####..       1%          2    None
b - Passwall              Tmut/Erth      ##......     10%         2    None
c - Cause Fear            Hex            ######....   1%          4    #......
d - Dazzling Spray        Conj/Hex       ####..       2%          3    None
e - Confuse               Hex            ######..     1%          3    None
f - Mephitic Cloud        Conj/Pois/Air  ##......     19%         3    None
g - Deflect Missiles      Chrm/Air       ##........   100%        6    ######.
s - Silence               Hex/Air        ####......   22%         5    ####...
v - Blink                 Tloc           N/A          10%         2    None
w - Tukima's Dance        Hex            ######..     1%          3    None

Your spell library contained the following spells:

 Spells                   Type           Power        Failure   Level  Hunger
 Corona                   Hex            ######.      1%          1    None
 Slow                     Hex            ######..     1%          2    None
 Magic Dart               Conj           ##..         6%          1    None
 Sandblast                Erth           ##....       6%          1    None
 Shock                    Conj/Air       ##..         6%          1    None
 Call Imp                 Summ           ##......     10%         2    None
 Swiftness                Chrm/Air       ##......     10%         2    None
 Conjure Flame            Conj/Fire      ##......     19%         3    None
 Static Discharge         Conj/Air       ##......     19%         3    None
 Stone Arrow              Conj/Erth      ##....       19%         3    None
 Yara's Violent Unravell  Hex/Tmut       ####......   22%         5    ####...
 Airstrike                Air            ##........   54%         4    #......
 Petrify                  Tmut/Erth      ##......     54%         4    #......
 Lee's Rapid Deconstruct  Erth           ##........   87%         5    ####...
 Lightning Bolt           Conj/Air       ##........   87%         5    ####...
 Discord                  Hex            ######....   100%        8    #######
 Ignition                 Fire           ##........   100%        8    #######
 Shatter                  Erth           ##........   100%        9    #######
 Tornado                  Air            ##........   100%        9    #######


Dungeon Overview and Level Annotations

Branches:
Dungeon (15/15)            Temple (1/1) D:5            Lair (0/6) D:9
    Orc (2/2) D:10            Elf (0/3) Orc:2        Vaults (0/5) D:14
 Depths (0/5) D:15

Altars:
Ashenzari
Cheibriados
Dithmenos
Elyvilon
Fedhas
Gozag
Hepliaklqana
Kikubaaqudgha
Makhleb
Nemelex Xobeh
Okawaru
Qazlal
Ru
Sif Muna
Trog
Uskayaw
Vehumet
Wu Jian
Xom
Yredelemnul
Zin
The Shining One

Shops:
D:5 *   D:6 *   D:15 :   Orc:2 !

Annotations:
D:3 1 runed door, Amnesiac's ghost, weakling FeEE


Innate Abilities, Weirdness & Mutations

You are very small and have problems with some larger weapons.
You are too small for most types of armour.
You have supernaturally acute eyesight. (SInv)
You are a herbivore.
You cover ground extremely quickly.
You need to consume almost no food.
Your mind is acute. (Int +2)
Your flesh is cold resistant. (rC+)


Message History

You hit the orc knight but do no damage.
The orc knight is moderately wounded.
The orc knight becomes distracted by the nearby gold, dreaming of imaginary You hit the orc knight but do no damage.
The orc knight is no longer distracted by gold.
The orc knight is moderately wounded.
You hit the orc knight but do no damage.
The orc knight is moderately wounded.
The orc knight roars a battlecry!
The orcs go into a battle-frenzy!
You hit the orc knight.
The orc knight is moderately wounded.
You hit the orc knight but do no damage.
The orc knight is moderately wounded.
An orc comes into view. It is wielding a +0 flail.
The orc knight hits you with a +0 glaive.
The orc priest roars loudly.
The orc warrior completely misses you.
You hit the orc knight but do no damage.
The orc knight is moderately wounded.
You barely miss the orc knight.
The orc knight is moderately wounded.
The orc priest invokes the aid of Beogh against you.
Beogh smites you!
The orc knight roars a battlecry!
The orc priest mumbles some strange prayers to Beogh against you.
Beogh smites you!
* * * LOW HITPOINT WARNING * * *
You hear a shout!
You closely miss the orc knight.
The orc knight is moderately wounded.
The orc warrior misses you.
You hit the orc knight but do no damage.
The orc knight is moderately wounded.
The orc becomes distracted by the nearby gold, dreaming of imaginary riches.
The orc knight becomes distracted by the nearby gold, dreaming of imaginary The orc hits you with a +0 mace.
* * * LOW HITPOINT WARNING * * *
The orc knight shouts!
The orc shouts!
You hit the orc knight but do no damage.
The orc knight is no longer distracted by gold.
The orc knight is moderately wounded.
The orc warrior completely misses you. The orc knight closely misses you.
An orc knight comes into view.
It is wielding a +2 great mace of crushing.
You block the orc's attack.
Casting: Confuse (safe; 1% risk of failure)
Confirm with . or Enter, or press ? or * to list all spells.
Aiming: Ensorcelled Hibernation (safe; 1% risk of failure)
Press: ? - help, Shift-Dir - straight line, f - orc priest
Aim: an orc priest, wielding a +0 hand axe (unusually strong, chance to defeat The orc priest resists with significant effort.
Casting: Ensorcelled Hibernation (safe; 1% risk of failure)
Confirm with . or Enter, or press ? or * to list all spells.
Aiming: Ensorcelled Hibernation (safe; 1% risk of failure)
Press: ? - help, Shift-Dir - straight line, f/p - orc priest
Aim: an orc priest, wielding a +0 hand axe (unusually strong, chance to defeat The orc priest looks drowsy...
The orc knight shouts!
You hear a shout!
The orc completely misses you.
The orc knight hits you from afar with a +0 glaive!!
You die...
Your body crumbles into a pile of gold.

## #.....###........
##.#####.....##........
#...#.##......##.......
##.....................
####.#....#...#........... ##
##.#...........#........#.. .##
#...#.#........##.......... ..##
###...#....$o...#.#....)....
...###.)).#.#..$@#............)..
........[.....#.ooo......#.......
.....#.#)......#.oo..........))..
..#.####...........o.............
.#### #.........................
## ##.#...................... #
...............oo......... #
....#...................... #
#...................$......


You could see 2 orc knights, an orc warrior, 2 orc priests and 4 orcs.

Vanquished Creatures
  Rupert (Orc:2)
  An ettin (Orc:2)
  Josephine (D:13)
  A hydra (D:12)
  3 centaur warriors
  7 two-headed ogres
  A death knight (D:14)
  An ogre mage (D:12)
  A tengu warrior (D:14)
  Nergalle (D:10)
  3 skeletal warriors
  2 unseen horrors
  A lindwurm (D:14)
  A necromancer (D:15)
  5 orc knights
  3 phantasmal warriors
  A wolf spider zombie (D:14)
  A deep elf mage (D:13)
  6 manticores
  A frost giant zombie (D:15)
  3 cyclopes
  2 ugly things
  2 orc sorcerers (Orc:1)
  3 gargoyles
  5 centaur skeletons
  4 orange demons (D:15)
  The ghost of Leeroy the Charmwright, a novice GnSk of Hepliaklqana (D:5)
  A kobold demonologist (D:13)
  A freezing wraith (D:14)
  A komodo dragon (shapeshifter) (D:14)
  3 tengu conjurers
  9 trolls
  A hornet (D:10)
  A fire dragon zombie (D:15)
  6 hippogriffs
  A centaur simulacrum (D:15)
  3 redbacks (Orc:1)
  A shadow (D:11)
  A fire dragon skeleton (D:15)
  A tarantella (Orc:1)
  7 wraiths
  30 yaks
  A spriggan skeleton (D:15)
  5 wyverns
  4 basilisks
  A hungry ghost (D:11)
  11 vampire mosquitoes
  A steam dragon (D:13)
  Menkaure (D:7)
  4 wargs
  3 water moccasins
  An acid dragon (D:15)
  24 orc warriors
  5 ice beasts
  A sky beast (D:13)
  3 black bears
  2 phantoms (D:7)
  A necrophage (D:12)
  13 ogres
  An eye of draining (D:14)
  15 centaurs
  A crocodile (D:11)
  4 big kobolds
  Blork the orc (D:5)
  11 bullfrogs
  A wyvern zombie (D:12)
  6 scorpions
  3 wyvern skeletons
  A hornet simulacrum (D:12)
  4 jellies
  3 killer bees (D:13)
  9 wights
  7 howler monkeys
  8 crimson imps
  4 centaur zombies
  A wyvern simulacrum (D:14)
  2 bullfrog zombies
  A quasit (D:10)
  6 hounds
  2 bullfrog skeletons
  7 orc priests
  19 orc wizards
  7 iguanas
  12 worker ants
  3 hound skeletons
  3 gnolls (D:3)
  A howler monkey skeleton (D:9)
  20 adders
  2 river rats
  5 shadow imps
  An adder zombie (D:7)
  4 worms
  4 dart slugs
  3 leopard geckos
  97 orcs
  5 giant cockroaches
  16 goblins
  14 hobgoblins
  12 jackals
  3 quokkas
  5 ball pythons
  7 bats
  3 frilled lizards
  A jackal skeleton (D:4)
  A jackal zombie (D:6)
  40 kobolds
  A quokka skeleton (D:5)
  28 rats
625 creatures vanquished.

Vanquished Creatures (others)
  4 withered plants (D:15)
4 creatures vanquished.

Grand Total: 629 creatures vanquished

Notes
Turn   | Place    | Note
-------+----------+-------------------------------------------
     0 | D:1      | Amnesiac the Spriggan Enchanter began the quest for the
                  | Orb.
     0 | D:1      | Reached XP level 1. HP: 9/9 MP: 5/5
     9 | D:1      | You fall through a shaft!
   349 | D:2      | Reached XP level 2. HP: 13/13 MP: 6/6
   353 | D:2      | Learned a level 2 spell: Ensorcelled Hibernation
   416 | D:3      | Found a radiant altar of Vehumet.
   511 | D:4      | Found a shattered altar of Ashenzari.
   683 | D:4      | Noticed a scorpion
   685 | D:4      | Reached skill level 5 in Stealth
   685 | D:4      | Reached XP level 3. HP: 15/16 MP: 4/8
   698 | D:4      | Learned a level 3 spell: Confuse
   866 | D:4      | Reached XP level 4. HP: 17/21 MP: 0/9
   881 | D:4      | Learned a level 3 spell: Tukima's Dance
   939 | D:4      | Reached skill level 6 in Stealth
  1014 | D:4      | Reached XP level 5. HP: 21/24 MP: 0/10
  1027 | D:4      | Gained mutation: Your flesh is cold resistant. (rC+)
                  | [potion of mutation]
  1027 | D:4      | Gained mutation: Your mind is acute. (Int +2) [potion of
                  | mutation]
  1058 | D:4      | Found a glowing drain.
  1287 | Sewer    | Entered a sewer
  1624 | Sewer    | Reached skill level 7 in Stealth
  2167 | Sewer    | Reached skill level 5 in Dodging
  2167 | Sewer    | Reached XP level 6. HP: 28/28 MP: 7/11
  2217 | Sewer    | Reached skill level 8 in Stealth
  3099 | D:5      | Entered Level 5 of the Dungeon
  3099 | D:5      | Found a staircase to the Ecumenical Temple.
  3100 | D:5      | Noticed an ice beast
  3106 | Temple   | Entered the Ecumenical Temple
  3186 | Temple   | Became a worshipper of Gozag Ym Sagoz the Greedy
  3220 | D:5      | Killed an ice beast
  3288 | D:5      | Noticed Blork the orc
  3305 | D:5      | Killed Blork the orc
  3305 | D:5      | Reached skill level 1 in Evocations
  3305 | D:5      | Reached XP level 7. HP: 15/32 MP: 9/12
  3331 | D:5      | Found Paej's General Store.
  3366 | D:5      | Bought a scroll of magic mapping for 45 gold pieces
  3939 | D:2      | Found a blossoming altar of Fedhas.
  4677 | D:3      | Found a runed door.
  4677 | D:3      | Noticed Amnesiac's ghost (weakling FeEE)
  4689 | D:3      | You fall through a shaft for 2 floors!
  5126 | D:3      | Found a basalt altar of Yredelemnul.
  5493 | D:5      | Found a runed gate.
  5496 | D:5      | Noticed Leeroy's ghost (novice GnSk)
  5496 | D:5      | Found a runed gate.
  5496 | D:5      | Found a runed gate.
  5531 | D:5      | Reached skill level 5 in Short Blades
  5670 | D:5      | Learned a level 3 spell: Dazzling Spray
  5926 | D:5      | Reached XP level 8. HP: 36/36 MP: 14/14
  5952 | D:5      | Killed Leeroy's ghost
  5952 | D:5      | Reached skill level 5 in Evocations
  6075 | D:6      | Identified a paperback manual
  6210 | D:6      | Found Hutuock's Serpentskin Sales.
  6214 | D:6      | Reached skill level 5 in Spellcasting
  6219 | D:6      | Bought 5 curare-tipped needles for 39 gold pieces
  6219 | D:6      | Bought 5 curare-tipped needles for 39 gold pieces
  6665 | D:7      | Reached XP level 9. HP: 39/39 MP: 17/19
  7035 | D:7      | Noticed Menkaure
  7073 | D:7      | Killed Menkaure
  7185 | D:7      | Got a slimy mace
  7535 | D:8      | Noticed a two-headed ogre
  7538 | D:8      | Killed a two-headed ogre
  7564 | D:8      | Noticed a two-headed ogre
  7570 | D:8      | Killed a two-headed ogre
  7570 | D:8      | Reached XP level 10. HP: 44/44 MP: 23/23
  7813 | D:8      | Reached skill level 10 in Short Blades
  8159 | D:8      | Reached skill level 1 in Fighting
  8343 | D:8      | Found a sparkling altar of Nemelex Xobeh.
  8347 | D:8      | Found the +7 Singing Sword {slice, sonic wave}
  8928 | D:9      | Got a faintly glowing graven amulet
  8929 | D:9      | Identified the amulet "Umoresh" {+Rage rPois rF- MR+ Int+2}
                  | (You found it on level 9 of the Dungeon)
  9206 | D:9      | You fall through a shaft for 3 floors!
  9211 | D:12     | Reached skill level 10 in Dodging
  9226 | D:10     | Entered Level 10 of the Dungeon
  9234 | D:10     | Learned a level 6 spell: Deflect Missiles
  9239 | D:10     | Learned a level 4 spell: Cause Fear
  9874 | D:9      | Found a deep blue altar of Sif Muna.
  9889 | D:9      | Found a sacrificial altar of Ru.
 10050 | D:9      | Got an iridescent quarterstaff
 10150 | D:9      | Found a staircase to the Lair.
 10556 | D:10     | Got a wavering amethyst amulet
 10558 | D:10     | Identified the amulet "Orymof" {RegenMP *Corrode MR++ Str+2
                  | Slay+2} (You found it on level 10 of the Dungeon)
 10579 | D:10     | Reached skill level 5 in Hexes
 10627 | D:10     | Found a staircase to the Orcish Mines.
 10884 | D:10     | Noticed an unseen horror
 10890 | D:10     | Killed an unseen horror
 10953 | D:10     | Reached XP level 11. HP: 45/52 MP: 20/25
 11100 | D:10     | Noticed a two-headed ogre
 11106 | D:10     | Killed a two-headed ogre
 11479 | D:10     | Noticed Nergalle
 11497 | D:10     | Killed Nergalle
 11557 | D:11     | Learned a level 2 spell: Blink
 11561 | D:11     | Learned a level 3 spell: Mephitic Cloud
 12105 | D:11     | Got a translucent long sword
 12115 | D:11     | Got a pitted copper ring
 12117 | D:11     | Identified the ring "Koarchierr" {*Tele rN+ MR+} (You found
                  | it on level 11 of the Dungeon)
 12197 | D:11     | Reached skill level 10 in Hexes
 12249 | D:11     | Noticed a purple ugly thing
 12260 | D:11     | Killed a purple ugly thing
 12503 | D:12     | Reached skill level 9 in Stealth
 12519 | D:12     | Noticed a two-headed ogre
 12519 | D:12     | Noticed an ogre mage
 12535 | D:12     | Killed a two-headed ogre
 12598 | D:12     | Killed an ogre mage
 12692 | D:12     | Noticed a two-headed ogre
 12700 | D:12     | Killed a two-headed ogre
 12700 | D:12     | Reached skill level 10 in Spellcasting
 12700 | D:12     | Reached XP level 12. HP: 32/58 MP: 25/27
 12724 | D:12     | Reached skill level 10 in Stealth
 13137 | D:12     | Reached skill level 5 in Fighting
 13347 | D:12     | Reached skill level 11 in Stealth
 13409 | D:12     | Identified the +7 long sword of Freehold {chaos, rC+ rN+
                  | Int-3 Dex+2} (You found it on level 11 of the Dungeon)
 13624 | D:12     | Noticed a two-headed ogre
 13639 | D:12     | Killed a two-headed ogre
 13740 | D:12     | Reached skill level 12 in Stealth
 14334 | D:12     | Noticed a seven-headed hydra
 14354 | D:12     | Killed a seven-headed hydra
 14473 | D:13     | Reached skill level 13 in Stealth
 14506 | D:13     | Learned a level 5 spell: Silence
 14627 | D:13     | Found a shimmering altar of Xom.
 14627 | D:13     | Found a shimmering altar of Xom.
 14627 | D:13     | Found a shimmering altar of Xom.
 14628 | D:13     | Found a shimmering altar of Xom.
 14649 | D:13     | Noticed a centaur warrior
 14660 | D:13     | Killed a centaur warrior
 14837 | D:13     | Reached skill level 14 in Stealth
 14914 | D:13     | Noticed Josephine
 15015 | D:13     | Killed Josephine
 15015 | D:13     | Reached XP level 13. HP: 52/68 MP: 25/28
 15709 | D:14     | Reached skill level 15 in Stealth
 16085 | D:15     | Entered Level 15 of the Dungeon
 16097 | D:15     | HP: 2/69 [orc knight/+0 long sword (28)]
 16112 | D:15     | Found Kaaletzo's Book Boutique.
 16120 | D:15     | Bought a book of Geomancy for 595 gold pieces
 16150 | D:15     | Found a blossoming altar of Fedhas.
 16774 | D:14     | Reached skill level 16 in Stealth
 17430 | D:14     | Found a gate to the Vaults.
 17589 | D:15     | Reached skill level 17 in Stealth
 18133 | D:15     | Reached skill level 10 in Fighting
 18258 | D:15     | Reached XP level 14. HP: 73/77 MP: 22/29
 18269 | D:15     | Reached skill level 18 in Stealth
 18415 | D:15     | Found a staircase to the Depths.
 18516 | D:15     | Learned a level 2 spell: Passwall
 18634 | Orc:1    | Entered Level 1 of the Orcish Mines
 18694 | Orc:1    | Reached skill level 1 in Shields
 19280 | Orc:2    | Entered Level 2 of the Orcish Mines
 19500 | Orc:2    | Found a staircase to the Elven Halls.
 19550 | Orc:2    | Found Tewacar's Distillery.
 19716 | Orc:2    | Bought a potion of resistance for 150 gold pieces
 19829 | Orc:2    | Noticed Rupert
 19945 | Orc:2    | Killed Rupert
 20131 | Orc:2    | Reached skill level 5 in Shields
 20153 | Orc:2    | Slain by an orc knight

Vault maps used:
D:1:      minmay_arrival_radiant_lines, serial_park_tiny_2
D:2:      fedhas_ov_isle_minmay
D:3:      fiery_altar_vehumet, marbit_many_paths, gammafunk_ghost_grave,
          first_ration
D:4:      nicolae_ashenzari_panopticon, portal_sewer_entry_b
D:5:      minmay_temple_entry_sparse_star, serial_shops,
          nicolae_shop_temple_entry_statues_fountains,
          gammafunk_ghost_nasty_kobolds, hex_intersection,
          minmay_increasing_density, uniq_blork_the_orc
D:6:      guppyfry_shop_venom
D:7:      uniq_menkaure
D:8:      corexii_shantytown, nemelex_xobeh_ov_fountains_minmay, grunt_pizzeria
D:9:      nicolae_overflow_hidden_temple, kennysheep_mini_moat,
          lair_entry_dummy, serial_co_window_serial, co_window_of_opportunity_a,
          co_window_paths_a, co_window_paths_a, co_window_of_opportunity_a,
          co_window_of_opportunity_a, co_window_paths_b, co_window_2corner,
          co_window_2corner, co_window_unsneaky_path_a, co_window_2corner,
          co_window_paths_c, co_window_corner_ca, co_window_paths_c,
          glass_columns_a, glass_columns_b, glass_columns_c, glass_columns_b,
          glass_columns_a, minmay_misc_feat_x
D:10:     erik_orc_3, kennysheep_pointless_box, corexii_hall_statues_t,
          minmay_fractal_squares_gapless_5, uniq_nergalle
D:12:     minmay_isolated_rectangles_in_corner
D:13:     minmay_misc_feat_diagonals, grunt_decor_one_mirror, xom_redecorated,
          uniq_josephine
D:14:     david_vaults_4, moated_statue, chequers_serial_rivers_micro_c,
          grunt_ministairs_2
D:15:     gammafunk_depths_entry_grave, basic_altar, serial_shops, shop_statue,
          einodemon_barbed_minivault
Temple:   eino_temple_water
Orc:1:    nicolae_orc_accident_3
Orc:2:    st_orc_pillars, serial_shops, shop, uniq_rupert
Sewer:    sewer_minmay_treatment

Skill      XL: |  1  2  3  4  5  6  7  8  9 10 11 12 13 14 |
---------------+-------------------------------------------+-----
Stealth        | 5 6 7 8 9 14 17 18 | 18.3
Spellcasting   | 3 6 8 9 10 | 10.0
Hexes          | 4 6 10 | 10.0
Short Blades   | 2 3 4 5 6 9 10 | 10.0
Dodging        | 4 5 6 7 8 11 13 | 13.0
Evocations     | 1 4 6 8 |  8.0
Fighting       | 3 4 7 10 | 10.0
Shields        | 5 |  5.0

Action                   |  1- 3 |  4- 6 |  7- 9 | 10-12 | 13-15 || total
-------------------------+-------+-------+-------+-------+-------++-------
Melee: Dagger            |    54 |   190 |   461 |   960 |   458 ||  2123
 Cast: Corona            |     2 |       |       |       |       ||     2
       Ensorcelled Hiber |    11 |    59 |    26 |    13 |    80 ||   189
       Confuse           |     3 |     6 |    31 |   133 |   126 ||   299
       Dazzling Spray    |       |       |       |    13 |     6 ||    19
       Tukima's Dance    |       |       |       |       |     3 ||     3
       Passwall          |       |       |       |       |     1 ||     1
Evoke: Wand              |       |       |       |       |     1 ||     1
  Use: Scroll            |       |     4 |    11 |     7 |     1 ||    23
       Potion            |       |     1 |     4 |     1 |     2 ||     8
 Stab: Sleeping          |    10 |    40 |    38 |    46 |    79 ||   213
       Confused          |     1 |     4 |    13 |    65 |    51 ||   134
       Distracted        |     1 |       |     2 |     7 |     5 ||    15
       Invisible         |       |       |       |     2 |     1 ||     3
  Eat: Ration            |       |     4 |     5 |     5 |     2 ||    16
Armor: Robe              |     7 |    11 |    18 |    32 |    16 ||    84
Dodge: Dodged            |    60 |   220 |   344 |   696 |   359 ||  1679
Block: Buckler           |       |       |       |       |    23 ||    23

Table legend:
 A = Non-vault XP
 B = Vault XP
 C = Vault XP percentage of total XP
 D = Non-vault monster count
 E = Vault monster count
 F = Vault count percentage of total count
                 A         B        C        D         E       F
            +---------+---------+-------+---------+---------+-------
      Total |   53468 |   26203 |  32.9 |     431 |     194 |  31.0
            +---------+---------+-------+---------+---------+-------
        D:1 |      30 |       0 |   0.0 |      16 |       0 |   0.0
        D:2 |      65 |       0 |   0.0 |      23 |       0 |   0.0
        D:3 |     123 |      40 |  24.5 |      20 |       1 |   4.8
        D:4 |     276 |      18 |   6.1 |      16 |       4 |  20.0
        D:5 |     387 |     773 |  66.6 |      11 |      17 |  60.7
        D:6 |     658 |     212 |  24.4 |      17 |       5 |  22.7
        D:7 |    1024 |     172 |  14.4 |      21 |       1 |   4.5
        D:8 |    3078 |     188 |   5.8 |      37 |      26 |  41.3
        D:9 |    1206 |       0 |   0.0 |      22 |       0 |   0.0
       D:10 |    2732 |    2342 |  46.2 |      22 |      22 |  50.0
       D:11 |    3766 |     372 |   9.0 |      26 |       2 |   7.1
       D:12 |    8328 |    5220 |  38.5 |      48 |      18 |  27.3
       D:13 |    7436 |    2117 |  22.2 |      35 |       6 |  14.6
       D:14 |   10120 |    3350 |  24.9 |      41 |       6 |  12.8
       D:15 |    6330 |    6860 |  52.0 |      31 |      17 |  35.4
      Orc:1 |    3154 |    1171 |  27.1 |      16 |      10 |  38.5
      Orc:2 |    4755 |    3165 |  40.0 |      29 |      11 |  27.5
      Sewer |       0 |     203 | 100.0 |       0 |      48 | 100.0
            +---------+---------+-------+---------+---------+-------
